Workbook
Name journal_caisse: '☀️ 06'!#REF!
Name journal_caisse: '🌱 03'!#REF!
Name journal_caisse: '🍂 11'!#REF!
Name journal_caisse: '🎃 10'!#REF!
Name journal_caisse: '🎄 12'!#REF!
Name journal_caisse: '🎾 05'!#REF!
Name journal_caisse: '🎿 02'!#REF!
Name journal_caisse: '🏖 08'!#REF!
Name journal_caisse: '🐟 04'!#REF!
Name journal_caisse: '📝 09'!#REF!
Name journal_caisse: '🧳 07'!#REF!
Name journal_caisse: '🥧 01'!#REF!
Name verification: '☀️ 06'!#REF!
Name verification: '🌱 03'!#REF!
Name verification: '🍂 11'!#REF!
Name verification: '🎃 10'!#REF!
Name verification: '🎄 12'!#REF!
Name verification: '🎾 05'!#REF!
Name verification: '🎿 02'!#REF!
Name verification: '🏖 08'!#REF!
Name verification: '🐟 04'!#REF!
Name verification: '📝 09'!#REF!
Name verification: '🧳 07'!#REF!
Name verification: '🥧 01'!#REF!
Name Votre_tableau_de_bord: '📊 Synthèse'!#REF!
Name Votre_tableau_de_bord: '📊 Synthèse'!#REF!
Name Votre_tableau_de_bord: '📊 Synthèse'!#REF!
Name Votre_tableau_de_bord: '📊 Synthèse'!#REF!
Name Votre_tableau_de_bord: '📊 Synthèse'!#REF!
Name Votre_tableau_de_bord: '📊 Synthèse'!#REF!
Name Votre_tableau_de_bord: '📊 Synthèse'!#REF!
Name Votre_tableau_de_bord: '📊 Synthèse'!#REF!
Name Votre_tableau_de_bord: '📊 Synthèse'!#REF!
Name Votre_tableau_de_bord: '📊 Synthèse'!#REF!
Name Votre_tableau_de_bord: '📊 Synthèse'!#REF!
Name Votre_tableau_de_bord: '📊 Synthèse'!#REF!

Sheet 👩🏻‍🏫 Bienvenue !
F1: Bienvenue | G1: =$I$7&" !" -> ! | I1: =K7 -> 0
B5: 👩🏻‍🏫 | D5: Bonjour et merci d'avoir téléchargé ce fichier ! Je m'appelle Laure, et vous ? Tapez votre nom dans la case violette et choisissez votre icône dans la liste en cliquant sur l'emoji !
G7: Bonjour ! Je m'appelle
B9: =$B$5 -> 👩🏻‍🏫 | D9: ="Enchantée "&I7&" !" -> Enchantée !
B10: =$B$5 -> 👩🏻‍🏫 | D10: Comment s'appelle votre micro-entreprise ?
G12: Ma micro-entreprise s'appelle | K12: =$K$7 -> 0
B14: =B5 -> 👩🏻‍🏫 | D14: =I12&" ? Joli nom !" & " Dites-moi l'année pour laquelle vous allez faire votre comptabilité." -> ? Joli nom ! Dites-moi l'année pour laquelle vous allez faire votre comptabilité.
K16: =$K$7 -> 0
B18: =B9 -> 👩🏻‍🏫 | D18: ="Parlons maintenant de vos recettes pour votre projet "&I12&" : vous pouvez choisir jusqu'à 10 catégories de recettes. Vous pourrez ensuite suivre la composition de votre chiffre d'affaires dans la synthèse." -> Parlons maintenant de vos recettes pour votre projet : vous pouvez choisir jusqu'à 10 catégories de recettes. Vous pourrez ensuite suivre la composition de votre chiffre d'affaires dans la synthèse.
D19: Si vos produits et services appartiennent à plusieurs catégories de taux de cotisations, je vous conseille de les séparer dans ces catégories pour faciliter votre déclaration.
G21: Catégorie 1 : | K21: =$K$7 -> 0
G22: Catégorie 2 :
G23: Catégorie 3 :
G24: Catégorie 4 :
G25: Catégorie 5 :
G26: Catégorie 6 :
G27: Catégorie 7 :
G28: Catégorie 8 :
G29: Catégorie 9 :
G30: Catégorie 10 :
B32: =B18 -> 👩🏻‍🏫 | D32: ="Parlons de vos dépenses pour votre projet "&I12&" : vous pouvez choisir jusqu'à 10 catégories de dépenses. Vous pourrez ensuite suivre leur évolution en détail dans la synthèse." -> Parlons de vos dépenses pour votre projet : vous pouvez choisir jusqu'à 10 catégories de dépenses. Vous pourrez ensuite suivre leur évolution en détail dans la synthèse.
G34: Catégorie 1 : | K34: =$K$7 -> 0
G35: Catégorie 2 :
G36: Catégorie 3 :
G37: Catégorie 4 :
G38: Catégorie 5 :
G39: Catégorie 6 :
G40: Catégorie 7 :
G41: Catégorie 8 :
G42: Catégorie 9 :
G43: Catégorie 10 :
B45: =B5 -> 👩🏻‍🏫 | D45: Ok, c'est noté ! Pour utiliser ce fichier, il vous suffit de saisir vos recettes et vos dépenses chaque mois dans les onglets "01 à 12" tout en bas de l'écran. Et vous avez ensuite une synthèse de votre chiffre d'affaires, de vos dépenses et de votre profit dans l'onglet "📊 Synthèse".
D47: OK, merci ! | K47: =$K$7 -> 0
B49: =B5 -> 👩🏻‍🏫 | D49: Pour rappel, n'oubliez pas d'imprimer en PDF l'onglet mensuel à chaque déclaration, pour être en règle. La date de création du fichier PDF obtenu fera foi en cas de contrôle.
D50: ="Je vous souhaite plein de succès avec"&" "&I12&" ! " -> Je vous souhaite plein de succès avec !
D51: ="A bientôt, "&I7&" !" -> A bientôt, !
B52: Ce contenu est soumis au droit d’auteur et est la propriété de Comptes & Formules. Toute représentation ou reproduction non autorisée est passible d’une action en contrefaçon.

Sheet 🥧 01
B1: ='👩🏻‍🏫 Bienvenue !'!K7 -> 0 | D1: ='👩🏻‍🏫 Bienvenue !'!I12&" - "&"Janvier "&'👩🏻‍🏫 Bienvenue !'!I16 -> - Janvier | M1: VOTRE PROFIT DU MOIS | N1: =G2-N2 -> 0
B2: Vos recettes 💰 | F2: TOTAL | G2: =SUM(Tableau1[Montant]) -> 0 | I2: Vos dépenses 🧾 | M2: TOTAL | N2: =SUM(Tableau2[Montant]) -> 0
B4: Date | C4: Mode de paiement | D4: N° | E4: Libellé et nom du client | F4: Catégorie | G4: Montant | I4: Date | J4: Mode de paiement | K4: N° | L4: Libellé | M4: Catégorie | N4: Montant
F100: Récapitulatif par type de recette | M100: Récapitulatif par type de dépense
F101: =coulisses!J2 -> 0 | G101: =SUMIF(Tableau1[Catégorie],F101,Tableau1[Montant]) -> 0 | M101: =coulisses!J14 -> 0 | N101: =SUMIF(Tableau2[Catégorie],M101,Tableau2[Montant]) -> 0
F102: =coulisses!J3 -> 0 | G102: =SUMIF(Tableau1[Catégorie],F102,Tableau1[Montant]) -> 0 | M102: =coulisses!J15 -> 0 | N102: =SUMIF(Tableau2[Catégorie],M102,Tableau2[Montant]) -> 0
F103: =coulisses!J4 -> 0 | G103: =SUMIF(Tableau1[Catégorie],F103,Tableau1[Montant]) -> 0 | M103: =coulisses!J16 -> 0 | N103: =SUMIF(Tableau2[Catégorie],M103,Tableau2[Montant]) -> 0
F104: =coulisses!J5 -> 0 | G104: =SUMIF(Tableau1[Catégorie],F104,Tableau1[Montant]) -> 0 | M104: =coulisses!J17 -> 0 | N104: =SUMIF(Tableau2[Catégorie],M104,Tableau2[Montant]) -> 0
F105: =coulisses!J6 -> 0 | G105: =SUMIF(Tableau1[Catégorie],F105,Tableau1[Montant]) -> 0 | M105: =coulisses!J18 -> 0 | N105: =SUMIF(Tableau2[Catégorie],M105,Tableau2[Montant]) -> 0
F106: =coulisses!J7 -> 0 | G106: =SUMIF(Tableau1[Catégorie],F106,Tableau1[Montant]) -> 0 | M106: =coulisses!J19 -> 0 | N106: =SUMIF(Tableau2[Catégorie],M106,Tableau2[Montant]) -> 0
F107: =coulisses!J8 -> 0 | G107: =SUMIF(Tableau1[Catégorie],F107,Tableau1[Montant]) -> 0 | M107: =coulisses!J20 -> 0 | N107: =SUMIF(Tableau2[Catégorie],M107,Tableau2[Montant]) -> 0
F108: =coulisses!J9 -> 0 | G108: =SUMIF(Tableau1[Catégorie],F108,Tableau1[Montant]) -> 0 | M108: =coulisses!J21 -> 0 | N108: =SUMIF(Tableau2[Catégorie],M108,Tableau2[Montant]) -> 0
F109: =coulisses!J10 -> 0 | G109: =SUMIF(Tableau1[Catégorie],F109,Tableau1[Montant]) -> 0 | M109: =coulisses!J22 -> 0 | N109: =SUMIF(Tableau2[Catégorie],M109,Tableau2[Montant]) -> 0
F110: =coulisses!J11 -> 0 | G110: =SUMIF(Tableau1[Catégorie],F110,Tableau1[Montant]) -> 0 | M110: =coulisses!J23 -> 0 | N110: =SUMIF(Tableau2[Catégorie],M110,Tableau2[Montant]) -> 0
F111: =coulisses!J12 -> Autres recettes | G111: =SUMIF(Tableau1[Catégorie],F111,Tableau1[Montant]) -> 0 | M111: =coulisses!J24 -> Cotisations sociales | N111: =SUMIF(Tableau2[Catégorie],M111,Tableau2[Montant]) -> 0
M112: =coulisses!J25 -> Autres dépenses | N112: =SUMIF(Tableau2[Catégorie],M112,Tableau2[Montant]) -> 0

Sheet 🎿 02
B1: ='👩🏻‍🏫 Bienvenue !'!K7 -> 0 | D1: ='👩🏻‍🏫 Bienvenue !'!I12&" - "&"Février "&'👩🏻‍🏫 Bienvenue !'!I16 -> - Février | M1: VOTRE PROFIT DU MOIS | N1: =G4-N4 -> 0
B4: Vos recettes 💰 | F4: TOTAL | G4: =SUM(Tableau16[Montant]) -> 0 | I4: Vos dépenses 🧾 | M4: TOTAL | N4: =SUM(Tableau27[Montant]) -> 0
B6: Date | C6: Mode de paiement | D6: N° | E6: Libellé et nom du client | F6: Catégorie | G6: Montant | I6: Date | J6: Mode de paiement | K6: N° | L6: Libellé | M6: Catégorie | N6: Montant
F102: Récapitulatif par type de recette | M102: Récapitulatif par type de dépense
F103: =coulisses!J2 -> 0 | G103: =SUMIF(Tableau16[Catégorie],F103,Tableau16[Montant]) -> 0 | M103: =coulisses!J14 -> 0 | N103: =SUMIF(Tableau27[Catégorie],M103,Tableau27[Montant]) -> 0
F104: =coulisses!J3 -> 0 | G104: =SUMIF(Tableau16[Catégorie],F104,Tableau16[Montant]) -> 0 | M104: =coulisses!J15 -> 0 | N104: =SUMIF(Tableau27[Catégorie],M104,Tableau27[Montant]) -> 0
F105: =coulisses!J4 -> 0 | G105: =SUMIF(Tableau16[Catégorie],F105,Tableau16[Montant]) -> 0 | M105: =coulisses!J16 -> 0 | N105: =SUMIF(Tableau27[Catégorie],M105,Tableau27[Montant]) -> 0
F106: =coulisses!J5 -> 0 | G106: =SUMIF(Tableau16[Catégorie],F106,Tableau16[Montant]) -> 0 | M106: =coulisses!J17 -> 0 | N106: =SUMIF(Tableau27[Catégorie],M106,Tableau27[Montant]) -> 0
F107: =coulisses!J6 -> 0 | G107: =SUMIF(Tableau16[Catégorie],F107,Tableau16[Montant]) -> 0 | M107: =coulisses!J18 -> 0 | N107: =SUMIF(Tableau27[Catégorie],M107,Tableau27[Montant]) -> 0
F108: =coulisses!J7 -> 0 | G108: =SUMIF(Tableau16[Catégorie],F108,Tableau16[Montant]) -> 0 | M108: =coulisses!J19 -> 0 | N108: =SUMIF(Tableau27[Catégorie],M108,Tableau27[Montant]) -> 0
F109: =coulisses!J8 -> 0 | G109: =SUMIF(Tableau16[Catégorie],F109,Tableau16[Montant]) -> 0 | M109: =coulisses!J20 -> 0 | N109: =SUMIF(Tableau27[Catégorie],M109,Tableau27[Montant]) -> 0
F110: =coulisses!J9 -> 0 | G110: =SUMIF(Tableau16[Catégorie],F110,Tableau16[Montant]) -> 0 | M110: =coulisses!J21 -> 0 | N110: =SUMIF(Tableau27[Catégorie],M110,Tableau27[Montant]) -> 0
F111: =coulisses!J10 -> 0 | G111: =SUMIF(Tableau16[Catégorie],F111,Tableau16[Montant]) -> 0 | M111: =coulisses!J22 -> 0 | N111: =SUMIF(Tableau27[Catégorie],M111,Tableau27[Montant]) -> 0
F112: =coulisses!J11 -> 0 | G112: =SUMIF(Tableau16[Catégorie],F112,Tableau16[Montant]) -> 0 | M112: =coulisses!J23 -> 0 | N112: =SUMIF(Tableau27[Catégorie],M112,Tableau27[Montant]) -> 0
F113: =coulisses!J12 -> Autres recettes | G113: =SUMIF(Tableau16[Catégorie],F113,Tableau16[Montant]) -> 0 | M113: =coulisses!J24 -> Cotisations sociales | N113: =SUMIF(Tableau27[Catégorie],M113,Tableau27[Montant]) -> 0
M114: =coulisses!J25 -> Autres dépenses | N114: =SUMIF(Tableau27[Catégorie],M114,Tableau27[Montant]) -> 0

Sheet 🌱 03
B1: ='👩🏻‍🏫 Bienvenue !'!K7 -> 0 | D1: ='👩🏻‍🏫 Bienvenue !'!I12&" - "&"Mars "&'👩🏻‍🏫 Bienvenue !'!I16 -> - Mars | M1: VOTRE PROFIT DU MOIS | N1: =G4-N4 -> 0
B4: Vos recettes 💰 | F4: TOTAL | G4: =SUM(Tableau1610[Montant]) -> 0 | I4: Vos dépenses 🧾 | M4: TOTAL | N4: =SUM(Tableau2711[Montant]) -> 0
B6: Date | C6: Mode de paiement | D6: N° | E6: Libellé et nom du client | F6: Catégorie | G6: Montant | I6: Date | J6: Mode de paiement | K6: N° | L6: Libellé | M6: Catégorie | N6: Montant
F102: Récapitulatif par type de recette | M102: Récapitulatif par type de dépense
F103: =coulisses!J2 -> 0 | G103: =SUMIF(Tableau1610[Catégorie],F103,Tableau1610[Montant]) -> 0 | M103: =coulisses!J14 -> 0 | N103: =SUMIF(Tableau2711[Catégorie],M103,Tableau2711[Montant]) -> 0
F104: =coulisses!J3 -> 0 | G104: =SUMIF(Tableau1610[Catégorie],F104,Tableau1610[Montant]) -> 0 | M104: =coulisses!J15 -> 0 | N104: =SUMIF(Tableau2711[Catégorie],M104,Tableau2711[Montant]) -> 0
F105: =coulisses!J4 -> 0 | G105: =SUMIF(Tableau1610[Catégorie],F105,Tableau1610[Montant]) -> 0 | M105: =coulisses!J16 -> 0 | N105: =SUMIF(Tableau2711[Catégorie],M105,Tableau2711[Montant]) -> 0
F106: =coulisses!J5 -> 0 | G106: =SUMIF(Tableau1610[Catégorie],F106,Tableau1610[Montant]) -> 0 | M106: =coulisses!J17 -> 0 | N106: =SUMIF(Tableau2711[Catégorie],M106,Tableau2711[Montant]) -> 0
F107: =coulisses!J6 -> 0 | G107: =SUMIF(Tableau1610[Catégorie],F107,Tableau1610[Montant]) -> 0 | M107: =coulisses!J18 -> 0 | N107: =SUMIF(Tableau2711[Catégorie],M107,Tableau2711[Montant]) -> 0
F108: =coulisses!J7 -> 0 | G108: =SUMIF(Tableau1610[Catégorie],F108,Tableau1610[Montant]) -> 0 | M108: =coulisses!J19 -> 0 | N108: =SUMIF(Tableau2711[Catégorie],M108,Tableau2711[Montant]) -> 0
F109: =coulisses!J8 -> 0 | G109: =SUMIF(Tableau1610[Catégorie],F109,Tableau1610[Montant]) -> 0 | M109: =coulisses!J20 -> 0 | N109: =SUMIF(Tableau2711[Catégorie],M109,Tableau2711[Montant]) -> 0
F110: =coulisses!J9 -> 0 | G110: =SUMIF(Tableau1610[Catégorie],F110,Tableau1610[Montant]) -> 0 | M110: =coulisses!J21 -> 0 | N110: =SUMIF(Tableau2711[Catégorie],M110,Tableau2711[Montant]) -> 0
F111: =coulisses!J10 -> 0 | G111: =SUMIF(Tableau1610[Catégorie],F111,Tableau1610[Montant]) -> 0 | M111: =coulisses!J22 -> 0 | N111: =SUMIF(Tableau2711[Catégorie],M111,Tableau2711[Montant]) -> 0
F112: =coulisses!J11 -> 0 | G112: =SUMIF(Tableau1610[Catégorie],F112,Tableau1610[Montant]) -> 0 | M112: =coulisses!J23 -> 0 | N112: =SUMIF(Tableau2711[Catégorie],M112,Tableau2711[Montant]) -> 0
F113: =coulisses!J12 -> Autres recettes | G113: =SUMIF(Tableau1610[Catégorie],F113,Tableau1610[Montant]) -> 0 | M113: =coulisses!J24 -> Cotisations sociales | N113: =SUMIF(Tableau2711[Catégorie],M113,Tableau2711[Montant]) -> 0
M114: =coulisses!J25 -> Autres dépenses | N114: =SUMIF(Tableau2711[Catégorie],M114,Tableau2711[Montant]) -> 0

Sheet 🐟 04
B1: ='👩🏻‍🏫 Bienvenue !'!K7 -> 0 | D1: ='👩🏻‍🏫 Bienvenue !'!I12&" - "&"Avril "&'👩🏻‍🏫 Bienvenue !'!I16 -> - Avril | M1: VOTRE PROFIT DU MOIS | N1: =G4-N4 -> 0
B4: Vos recettes 💰 | F4: TOTAL | G4: =SUM(Tableau161014[Montant]) -> 0 | I4: Vos dépenses 🧾 | M4: TOTAL | N4: =SUM(Tableau271115[Montant]) -> 0
B6: Date | C6: Mode de paiement | D6: N° | E6: Libellé et nom du client | F6: Catégorie | G6: Montant | I6: Date | J6: Mode de paiement | K6: N° | L6: Libellé | M6: Catégorie | N6: Montant
F102: Récapitulatif par type de recette | M102: Récapitulatif par type de dépense
F103: =coulisses!J2 -> 0 | G103: =SUMIF(Tableau161014[Catégorie],F103,Tableau161014[Montant]) -> 0 | M103: =coulisses!J14 -> 0 | N103: =SUMIF(Tableau271115[Catégorie],M103,Tableau271115[Montant]) -> 0
F104: =coulisses!J3 -> 0 | G104: =SUMIF(Tableau161014[Catégorie],F104,Tableau161014[Montant]) -> 0 | M104: =coulisses!J15 -> 0 | N104: =SUMIF(Tableau271115[Catégorie],M104,Tableau271115[Montant]) -> 0
F105: =coulisses!J4 -> 0 | G105: =SUMIF(Tableau161014[Catégorie],F105,Tableau161014[Montant]) -> 0 | M105: =coulisses!J16 -> 0 | N105: =SUMIF(Tableau271115[Catégorie],M105,Tableau271115[Montant]) -> 0
F106: =coulisses!J5 -> 0 | G106: =SUMIF(Tableau161014[Catégorie],F106,Tableau161014[Montant]) -> 0 | M106: =coulisses!J17 -> 0 | N106: =SUMIF(Tableau271115[Catégorie],M106,Tableau271115[Montant]) -> 0
F107: =coulisses!J6 -> 0 | G107: =SUMIF(Tableau161014[Catégorie],F107,Tableau161014[Montant]) -> 0 | M107: =coulisses!J18 -> 0 | N107: =SUMIF(Tableau271115[Catégorie],M107,Tableau271115[Montant]) -> 0
F108: =coulisses!J7 -> 0 | G108: =SUMIF(Tableau161014[Catégorie],F108,Tableau161014[Montant]) -> 0 | M108: =coulisses!J19 -> 0 | N108: =SUMIF(Tableau271115[Catégorie],M108,Tableau271115[Montant]) -> 0
F109: =coulisses!J8 -> 0 | G109: =SUMIF(Tableau161014[Catégorie],F109,Tableau161014[Montant]) -> 0 | M109: =coulisses!J20 -> 0 | N109: =SUMIF(Tableau271115[Catégorie],M109,Tableau271115[Montant]) -> 0
F110: =coulisses!J9 -> 0 | G110: =SUMIF(Tableau161014[Catégorie],F110,Tableau161014[Montant]) -> 0 | M110: =coulisses!J21 -> 0 | N110: =SUMIF(Tableau271115[Catégorie],M110,Tableau271115[Montant]) -> 0
F111: =coulisses!J10 -> 0 | G111: =SUMIF(Tableau161014[Catégorie],F111,Tableau161014[Montant]) -> 0 | M111: =coulisses!J22 -> 0 | N111: =SUMIF(Tableau271115[Catégorie],M111,Tableau271115[Montant]) -> 0
F112: =coulisses!J11 -> 0 | G112: =SUMIF(Tableau161014[Catégorie],F112,Tableau161014[Montant]) -> 0 | M112: =coulisses!J23 -> 0 | N112: =SUMIF(Tableau271115[Catégorie],M112,Tableau271115[Montant]) -> 0
F113: =coulisses!J12 -> Autres recettes | G113: =SUMIF(Tableau161014[Catégorie],F113,Tableau161014[Montant]) -> 0 | M113: =coulisses!J24 -> Cotisations sociales | N113: =SUMIF(Tableau271115[Catégorie],M113,Tableau271115[Montant]) -> 0
M114: =coulisses!J25 -> Autres dépenses | N114: =SUMIF(Tableau271115[Catégorie],M114,Tableau271115[Montant]) -> 0

Sheet 🎾 05
B1: ='👩🏻‍🏫 Bienvenue !'!K7 -> 0 | D1: ='👩🏻‍🏫 Bienvenue !'!I12&" - "&"Mai "&'👩🏻‍🏫 Bienvenue !'!I16 -> - Mai | M1: VOTRE PROFIT DU MOIS | N1: =G4-N4 -> 0
B4: Vos recettes 💰 | F4: TOTAL | G4: =SUM(Tableau16101418[Montant]) -> 0 | I4: Vos dépenses 🧾 | M4: TOTAL | N4: =SUM(Tableau27111519[Montant]) -> 0
B6: Date | C6: Mode de paiement | D6: N° | E6: Libellé et nom du client | F6: Catégorie | G6: Montant | I6: Date | J6: Mode de paiement | K6: N° | L6: Libellé | M6: Catégorie | N6: Montant
F102: Récapitulatif par type de recette | M102: Récapitulatif par type de dépense
F103: =coulisses!J2 -> 0 | G103: =SUMIF(Tableau16101418[Catégorie],F103,Tableau16101418[Montant]) -> 0 | M103: =coulisses!J14 -> 0 | N103: =SUMIF(Tableau27111519[Catégorie],M103,Tableau27111519[Montant]) -> 0
F104: =coulisses!J3 -> 0 | G104: =SUMIF(Tableau16101418[Catégorie],F104,Tableau16101418[Montant]) -> 0 | M104: =coulisses!J15 -> 0 | N104: =SUMIF(Tableau27111519[Catégorie],M104,Tableau27111519[Montant]) -> 0
F105: =coulisses!J4 -> 0 | G105: =SUMIF(Tableau16101418[Catégorie],F105,Tableau16101418[Montant]) -> 0 | M105: =coulisses!J16 -> 0 | N105: =SUMIF(Tableau27111519[Catégorie],M105,Tableau27111519[Montant]) -> 0
F106: =coulisses!J5 -> 0 | G106: =SUMIF(Tableau16101418[Catégorie],F106,Tableau16101418[Montant]) -> 0 | M106: =coulisses!J17 -> 0 | N106: =SUMIF(Tableau27111519[Catégorie],M106,Tableau27111519[Montant]) -> 0
F107: =coulisses!J6 -> 0 | G107: =SUMIF(Tableau16101418[Catégorie],F107,Tableau16101418[Montant]) -> 0 | M107: =coulisses!J18 -> 0 | N107: =SUMIF(Tableau27111519[Catégorie],M107,Tableau27111519[Montant]) -> 0
F108: =coulisses!J7 -> 0 | G108: =SUMIF(Tableau16101418[Catégorie],F108,Tableau16101418[Montant]) -> 0 | M108: =coulisses!J19 -> 0 | N108: =SUMIF(Tableau27111519[Catégorie],M108,Tableau27111519[Montant]) -> 0
F109: =coulisses!J8 -> 0 | G109: =SUMIF(Tableau16101418[Catégorie],F109,Tableau16101418[Montant]) -> 0 | M109: =coulisses!J20 -> 0 | N109: =SUMIF(Tableau27111519[Catégorie],M109,Tableau27111519[Montant]) -> 0
F110: =coulisses!J9 -> 0 | G110: =SUMIF(Tableau16101418[Catégorie],F110,Tableau16101418[Montant]) -> 0 | M110: =coulisses!J21 -> 0 | N110: =SUMIF(Tableau27111519[Catégorie],M110,Tableau27111519[Montant]) -> 0
F111: =coulisses!J10 -> 0 | G111: =SUMIF(Tableau16101418[Catégorie],F111,Tableau16101418[Montant]) -> 0 | M111: =coulisses!J22 -> 0 | N111: =SUMIF(Tableau27111519[Catégorie],M111,Tableau27111519[Montant]) -> 0
F112: =coulisses!J11 -> 0 | G112: =SUMIF(Tableau16101418[Catégorie],F112,Tableau16101418[Montant]) -> 0 | M112: =coulisses!J23 -> 0 | N112: =SUMIF(Tableau27111519[Catégorie],M112,Tableau27111519[Montant]) -> 0
F113: =coulisses!J12 -> Autres recettes | G113: =SUMIF(Tableau16101418[Catégorie],F113,Tableau16101418[Montant]) -> 0 | M113: =coulisses!J24 -> Cotisations sociales | N113: =SUMIF(Tableau27111519[Catégorie],M113,Tableau27111519[Montant]) -> 0
M114: =coulisses!J25 -> Autres dépenses | N114: =SUMIF(Tableau27111519[Catégorie],M114,Tableau27111519[Montant]) -> 0

Sheet ☀️ 06
B1: ='👩🏻‍🏫 Bienvenue !'!K7 -> 0 | D1: ='👩🏻‍🏫 Bienvenue !'!I12&" - "&"Juin "&'👩🏻‍🏫 Bienvenue !'!I16 -> - Juin | M1: VOTRE PROFIT DU MOIS | N1: =G4-N4 -> 0
B4: Vos recettes 💰 | F4: TOTAL | G4: =SUM(Tableau16101422[Montant]) -> 0 | I4: Vos dépenses 🧾 | M4: TOTAL | N4: =SUM(Tableau27111523[Montant]) -> 0
B6: Date | C6: Mode de paiement | D6: N° | E6: Libellé et nom du client | F6: Catégorie | G6: Montant | I6: Date | J6: Mode de paiement | K6: N° | L6: Libellé | M6: Catégorie | N6: Montant
F102: Récapitulatif par type de recette | M102: Récapitulatif par type de dépense
F103: =coulisses!J2 -> 0 | G103: =SUMIF(Tableau16101422[Catégorie],F103,Tableau16101422[Montant]) -> 0 | M103: =coulisses!J14 -> 0 | N103: =SUMIF(Tableau27111523[Catégorie],M103,Tableau27111523[Montant]) -> 0
F104: =coulisses!J3 -> 0 | G104: =SUMIF(Tableau16101422[Catégorie],F104,Tableau16101422[Montant]) -> 0 | M104: =coulisses!J15 -> 0 | N104: =SUMIF(Tableau27111523[Catégorie],M104,Tableau27111523[Montant]) -> 0
F105: =coulisses!J4 -> 0 | G105: =SUMIF(Tableau16101422[Catégorie],F105,Tableau16101422[Montant]) -> 0 | M105: =coulisses!J16 -> 0 | N105: =SUMIF(Tableau27111523[Catégorie],M105,Tableau27111523[Montant]) -> 0
F106: =coulisses!J5 -> 0 | G106: =SUMIF(Tableau16101422[Catégorie],F106,Tableau16101422[Montant]) -> 0 | M106: =coulisses!J17 -> 0 | N106: =SUMIF(Tableau27111523[Catégorie],M106,Tableau27111523[Montant]) -> 0
F107: =coulisses!J6 -> 0 | G107: =SUMIF(Tableau16101422[Catégorie],F107,Tableau16101422[Montant]) -> 0 | M107: =coulisses!J18 -> 0 | N107: =SUMIF(Tableau27111523[Catégorie],M107,Tableau27111523[Montant]) -> 0
F108: =coulisses!J7 -> 0 | G108: =SUMIF(Tableau16101422[Catégorie],F108,Tableau16101422[Montant]) -> 0 | M108: =coulisses!J19 -> 0 | N108: =SUMIF(Tableau27111523[Catégorie],M108,Tableau27111523[Montant]) -> 0
F109: =coulisses!J8 -> 0 | G109: =SUMIF(Tableau16101422[Catégorie],F109,Tableau16101422[Montant]) -> 0 | M109: =coulisses!J20 -> 0 | N109: =SUMIF(Tableau27111523[Catégorie],M109,Tableau27111523[Montant]) -> 0
F110: =coulisses!J9 -> 0 | G110: =SUMIF(Tableau16101422[Catégorie],F110,Tableau16101422[Montant]) -> 0 | M110: =coulisses!J21 -> 0 | N110: =SUMIF(Tableau27111523[Catégorie],M110,Tableau27111523[Montant]) -> 0
F111: =coulisses!J10 -> 0 | G111: =SUMIF(Tableau16101422[Catégorie],F111,Tableau16101422[Montant]) -> 0 | M111: =coulisses!J22 -> 0 | N111: =SUMIF(Tableau27111523[Catégorie],M111,Tableau27111523[Montant]) -> 0
F112: =coulisses!J11 -> 0 | G112: =SUMIF(Tableau16101422[Catégorie],F112,Tableau16101422[Montant]) -> 0 | M112: =coulisses!J23 -> 0 | N112: =SUMIF(Tableau27111523[Catégorie],M112,Tableau27111523[Montant]) -> 0
F113: =coulisses!J12 -> Autres recettes | G113: =SUMIF(Tableau16101422[Catégorie],F113,Tableau16101422[Montant]) -> 0 | M113: =coulisses!J24 -> Cotisations sociales | N113: =SUMIF(Tableau27111523[Catégorie],M113,Tableau27111523[Montant]) -> 0
M114: =coulisses!J25 -> Autres dépenses | N114: =SUMIF(Tableau27111523[Catégorie],M114,Tableau27111523[Montant]) -> 0

Sheet 🧳 07
B1: ='👩🏻‍🏫 Bienvenue !'!K7 -> 0 | D1: ='👩🏻‍🏫 Bienvenue !'!I12&" - "&"Juillet "&'👩🏻‍🏫 Bienvenue !'!I16 -> - Juillet | M1: VOTRE PROFIT DU MOIS | N1: =G4-N4 -> 0
B4: Vos recettes 💰 | F4: TOTAL | G4: =SUM(Tableau1610142226[Montant]) -> 0 | I4: Vos dépenses 🧾 | M4: TOTAL | N4: =SUM(Tableau2711152327[Montant]) -> 0
B6: Date | C6: Mode de paiement | D6: N° | E6: Libellé et nom du client | F6: Catégorie | G6: Montant | I6: Date | J6: Mode de paiement | K6: N° | L6: Libellé | M6: Catégorie | N6: Montant
F102: Récapitulatif par type de recette | M102: Récapitulatif par type de dépense
F103: =coulisses!J2 -> 0 | G103: =SUMIF(Tableau1610142226[Catégorie],F103,Tableau1610142226[Montant]) -> 0 | M103: =coulisses!J14 -> 0 | N103: =SUMIF(Tableau2711152327[Catégorie],M103,Tableau2711152327[Montant]) -> 0
F104: =coulisses!J3 -> 0 | G104: =SUMIF(Tableau1610142226[Catégorie],F104,Tableau1610142226[Montant]) -> 0 | M104: =coulisses!J15 -> 0 | N104: =SUMIF(Tableau2711152327[Catégorie],M104,Tableau2711152327[Montant]) -> 0
F105: =coulisses!J4 -> 0 | G105: =SUMIF(Tableau1610142226[Catégorie],F105,Tableau1610142226[Montant]) -> 0 | M105: =coulisses!J16 -> 0 | N105: =SUMIF(Tableau2711152327[Catégorie],M105,Tableau2711152327[Montant]) -> 0
F106: =coulisses!J5 -> 0 | G106: =SUMIF(Tableau1610142226[Catégorie],F106,Tableau1610142226[Montant]) -> 0 | M106: =coulisses!J17 -> 0 | N106: =SUMIF(Tableau2711152327[Catégorie],M106,Tableau2711152327[Montant]) -> 0
F107: =coulisses!J6 -> 0 | G107: =SUMIF(Tableau1610142226[Catégorie],F107,Tableau1610142226[Montant]) -> 0 | M107: =coulisses!J18 -> 0 | N107: =SUMIF(Tableau2711152327[Catégorie],M107,Tableau2711152327[Montant]) -> 0
F108: =coulisses!J7 -> 0 | G108: =SUMIF(Tableau1610142226[Catégorie],F108,Tableau1610142226[Montant]) -> 0 | M108: =coulisses!J19 -> 0 | N108: =SUMIF(Tableau2711152327[Catégorie],M108,Tableau2711152327[Montant]) -> 0
F109: =coulisses!J8 -> 0 | G109: =SUMIF(Tableau1610142226[Catégorie],F109,Tableau1610142226[Montant]) -> 0 | M109: =coulisses!J20 -> 0 | N109: =SUMIF(Tableau2711152327[Catégorie],M109,Tableau2711152327[Montant]) -> 0
F110: =coulisses!J9 -> 0 | G110: =SUMIF(Tableau1610142226[Catégorie],F110,Tableau1610142226[Montant]) -> 0 | M110: =coulisses!J21 -> 0 | N110: =SUMIF(Tableau2711152327[Catégorie],M110,Tableau2711152327[Montant]) -> 0
F111: =coulisses!J10 -> 0 | G111: =SUMIF(Tableau1610142226[Catégorie],F111,Tableau1610142226[Montant]) -> 0 | M111: =coulisses!J22 -> 0 | N111: =SUMIF(Tableau2711152327[Catégorie],M111,Tableau2711152327[Montant]) -> 0
F112: =coulisses!J11 -> 0 | G112: =SUMIF(Tableau1610142226[Catégorie],F112,Tableau1610142226[Montant]) -> 0 | M112: =coulisses!J23 -> 0 | N112: =SUMIF(Tableau2711152327[Catégorie],M112,Tableau2711152327[Montant]) -> 0
F113: =coulisses!J12 -> Autres recettes | G113: =SUMIF(Tableau1610142226[Catégorie],F113,Tableau1610142226[Montant]) -> 0 | M113: =coulisses!J24 -> Cotisations sociales | N113: =SUMIF(Tableau2711152327[Catégorie],M113,Tableau2711152327[Montant]) -> 0
M114: =coulisses!J25 -> Autres dépenses | N114: =SUMIF(Tableau2711152327[Catégorie],M114,Tableau2711152327[Montant]) -> 0

Sheet 🏖 08
B1: ='👩🏻‍🏫 Bienvenue !'!K7 -> 0 | D1: ='👩🏻‍🏫 Bienvenue !'!I12&" - "&"Août "&'👩🏻‍🏫 Bienvenue !'!I16 -> - Août | M1: VOTRE PROFIT DU MOIS | N1: =G4-N4 -> 0
B4: Vos recettes 💰 | F4: TOTAL | G4: =SUM(Tableau161014222630[Montant]) -> 0 | I4: Vos dépenses 🧾 | M4: TOTAL | N4: =SUM(Tableau271115232731[Montant]) -> 0
B6: Date | C6: Mode de paiement | D6: N° | E6: Libellé | F6: Catégorie | G6: Montant | I6: Date | J6: Mode de paiement | K6: N° | L6: Libellé | M6: Catégorie | N6: Montant
F102: Récapitulatif par type de recette | M102: Récapitulatif par type de dépense
F103: =coulisses!J2 -> 0 | G103: =SUMIF(Tableau161014222630[Catégorie],F103,Tableau161014222630[Montant]) -> 0 | M103: =coulisses!J14 -> 0 | N103: =SUMIF(Tableau271115232731[Catégorie],M103,Tableau271115232731[Montant]) -> 0
F104: =coulisses!J3 -> 0 | G104: =SUMIF(Tableau161014222630[Catégorie],F104,Tableau161014222630[Montant]) -> 0 | M104: =coulisses!J15 -> 0 | N104: =SUMIF(Tableau271115232731[Catégorie],M104,Tableau271115232731[Montant]) -> 0
F105: =coulisses!J4 -> 0 | G105: =SUMIF(Tableau161014222630[Catégorie],F105,Tableau161014222630[Montant]) -> 0 | M105: =coulisses!J16 -> 0 | N105: =SUMIF(Tableau271115232731[Catégorie],M105,Tableau271115232731[Montant]) -> 0
F106: =coulisses!J5 -> 0 | G106: =SUMIF(Tableau161014222630[Catégorie],F106,Tableau161014222630[Montant]) -> 0 | M106: =coulisses!J17 -> 0 | N106: =SUMIF(Tableau271115232731[Catégorie],M106,Tableau271115232731[Montant]) -> 0
F107: =coulisses!J6 -> 0 | G107: =SUMIF(Tableau161014222630[Catégorie],F107,Tableau161014222630[Montant]) -> 0 | M107: =coulisses!J18 -> 0 | N107: =SUMIF(Tableau271115232731[Catégorie],M107,Tableau271115232731[Montant]) -> 0
F108: =coulisses!J7 -> 0 | G108: =SUMIF(Tableau161014222630[Catégorie],F108,Tableau161014222630[Montant]) -> 0 | M108: =coulisses!J19 -> 0 | N108: =SUMIF(Tableau271115232731[Catégorie],M108,Tableau271115232731[Montant]) -> 0
F109: =coulisses!J8 -> 0 | G109: =SUMIF(Tableau161014222630[Catégorie],F109,Tableau161014222630[Montant]) -> 0 | M109: =coulisses!J20 -> 0 | N109: =SUMIF(Tableau271115232731[Catégorie],M109,Tableau271115232731[Montant]) -> 0
F110: =coulisses!J9 -> 0 | G110: =SUMIF(Tableau161014222630[Catégorie],F110,Tableau161014222630[Montant]) -> 0 | M110: =coulisses!J21 -> 0 | N110: =SUMIF(Tableau271115232731[Catégorie],M110,Tableau271115232731[Montant]) -> 0
F111: =coulisses!J10 -> 0 | G111: =SUMIF(Tableau161014222630[Catégorie],F111,Tableau161014222630[Montant]) -> 0 | M111: =coulisses!J22 -> 0 | N111: =SUMIF(Tableau271115232731[Catégorie],M111,Tableau271115232731[Montant]) -> 0
F112: =coulisses!J11 -> 0 | G112: =SUMIF(Tableau161014222630[Catégorie],F112,Tableau161014222630[Montant]) -> 0 | M112: =coulisses!J23 -> 0 | N112: =SUMIF(Tableau271115232731[Catégorie],M112,Tableau271115232731[Montant]) -> 0
F113: =coulisses!J12 -> Autres recettes | G113: =SUMIF(Tableau161014222630[Catégorie],F113,Tableau161014222630[Montant]) -> 0 | M113: =coulisses!J24 -> Cotisations sociales | N113: =SUMIF(Tableau271115232731[Catégorie],M113,Tableau271115232731[Montant]) -> 0
M114: =coulisses!J25 -> Autres dépenses | N114: =SUMIF(Tableau271115232731[Catégorie],M114,Tableau271115232731[Montant]) -> 0

Sheet 📝  09
B1: ='👩🏻‍🏫 Bienvenue !'!K7 -> 0 | D1: ='👩🏻‍🏫 Bienvenue !'!I12&" - "&"Septembre "&'👩🏻‍🏫 Bienvenue !'!I16 -> - Septembre | M1: VOTRE PROFIT DU MOIS | N1: =G4-N4 -> 0
B4: Vos recettes 💰 | F4: TOTAL | G4: =SUM(Tableau16101422263034[Montant]) -> 0 | I4: Vos dépenses 🧾 | M4: TOTAL | N4: =SUM(Tableau27111523273135[Montant]) -> 0
B6: Date | C6: Mode de paiement | D6: N° | E6: Libellé et nom du client | F6: Catégorie | G6: Montant | I6: Date | J6: Mode de paiement | K6: N° | L6: Libellé | M6: Catégorie | N6: Montant
F102: Récapitulatif par type de recette | M102: Récapitulatif par type de dépense
F103: =coulisses!J2 -> 0 | G103: =SUMIF(Tableau16101422263034[Catégorie],F103,Tableau16101422263034[Montant]) -> 0 | M103: =coulisses!J14 -> 0 | N103: =SUMIF(Tableau27111523273135[Catégorie],M103,Tableau27111523273135[Montant]) -> 0
F104: =coulisses!J3 -> 0 | G104: =SUMIF(Tableau16101422263034[Catégorie],F104,Tableau16101422263034[Montant]) -> 0 | M104: =coulisses!J15 -> 0 | N104: =SUMIF(Tableau27111523273135[Catégorie],M104,Tableau27111523273135[Montant]) -> 0
F105: =coulisses!J4 -> 0 | G105: =SUMIF(Tableau16101422263034[Catégorie],F105,Tableau16101422263034[Montant]) -> 0 | M105: =coulisses!J16 -> 0 | N105: =SUMIF(Tableau27111523273135[Catégorie],M105,Tableau27111523273135[Montant]) -> 0
F106: =coulisses!J5 -> 0 | G106: =SUMIF(Tableau16101422263034[Catégorie],F106,Tableau16101422263034[Montant]) -> 0 | M106: =coulisses!J17 -> 0 | N106: =SUMIF(Tableau27111523273135[Catégorie],M106,Tableau27111523273135[Montant]) -> 0
F107: =coulisses!J6 -> 0 | G107: =SUMIF(Tableau16101422263034[Catégorie],F107,Tableau16101422263034[Montant]) -> 0 | M107: =coulisses!J18 -> 0 | N107: =SUMIF(Tableau27111523273135[Catégorie],M107,Tableau27111523273135[Montant]) -> 0
F108: =coulisses!J7 -> 0 | G108: =SUMIF(Tableau16101422263034[Catégorie],F108,Tableau16101422263034[Montant]) -> 0 | M108: =coulisses!J19 -> 0 | N108: =SUMIF(Tableau27111523273135[Catégorie],M108,Tableau27111523273135[Montant]) -> 0
F109: =coulisses!J8 -> 0 | G109: =SUMIF(Tableau16101422263034[Catégorie],F109,Tableau16101422263034[Montant]) -> 0 | M109: =coulisses!J20 -> 0 | N109: =SUMIF(Tableau27111523273135[Catégorie],M109,Tableau27111523273135[Montant]) -> 0
F110: =coulisses!J9 -> 0 | G110: =SUMIF(Tableau16101422263034[Catégorie],F110,Tableau16101422263034[Montant]) -> 0 | M110: =coulisses!J21 -> 0 | N110: =SUMIF(Tableau27111523273135[Catégorie],M110,Tableau27111523273135[Montant]) -> 0
F111: =coulisses!J10 -> 0 | G111: =SUMIF(Tableau16101422263034[Catégorie],F111,Tableau16101422263034[Montant]) -> 0 | M111: =coulisses!J22 -> 0 | N111: =SUMIF(Tableau27111523273135[Catégorie],M111,Tableau27111523273135[Montant]) -> 0
F112: =coulisses!J11 -> 0 | G112: =SUMIF(Tableau16101422263034[Catégorie],F112,Tableau16101422263034[Montant]) -> 0 | M112: =coulisses!J23 -> 0 | N112: =SUMIF(Tableau27111523273135[Catégorie],M112,Tableau27111523273135[Montant]) -> 0
F113: =coulisses!J12 -> Autres recettes | G113: =SUMIF(Tableau16101422263034[Catégorie],F113,Tableau16101422263034[Montant]) -> 0 | M113: =coulisses!J24 -> Cotisations sociales | N113: =SUMIF(Tableau27111523273135[Catégorie],M113,Tableau27111523273135[Montant]) -> 0
M114: =coulisses!J25 -> Autres dépenses | N114: =SUMIF(Tableau27111523273135[Catégorie],M114,Tableau27111523273135[Montant]) -> 0

Sheet 🎃 10
B1: ='👩🏻‍🏫 Bienvenue !'!K7 -> 0 | D1: ='👩🏻‍🏫 Bienvenue !'!I12&" - "&"Octobre "&'👩🏻‍🏫 Bienvenue !'!I16 -> - Octobre | M1: VOTRE PROFIT DU MOIS | N1: =G4-N4 -> 0
B4: Vos recettes 💰 | F4: TOTAL | G4: =SUM(Tableau1610142226303438[Montant]) -> 0 | I4: Vos dépenses 🧾 | M4: TOTAL | N4: =SUM(Tableau2711152327313539[Montant]) -> 0
B6: Date | C6: Mode de paiement | D6: N° | E6: Libellé et nom du client | F6: Catégorie | G6: Montant | I6: Date | J6: Mode de paiement | K6: N° | L6: Libellé | M6: Catégorie | N6: Montant
F102: Récapitulatif par type de recette | M102: Récapitulatif par type de dépense
F103: =coulisses!J2 -> 0 | G103: =SUMIF(Tableau1610142226303438[Catégorie],F103,Tableau1610142226303438[Montant]) -> 0 | M103: =coulisses!J14 -> 0 | N103: =SUMIF(Tableau2711152327313539[Catégorie],M103,Tableau2711152327313539[Montant]) -> 0
F104: =coulisses!J3 -> 0 | G104: =SUMIF(Tableau1610142226303438[Catégorie],F104,Tableau1610142226303438[Montant]) -> 0 | M104: =coulisses!J15 -> 0 | N104: =SUMIF(Tableau2711152327313539[Catégorie],M104,Tableau2711152327313539[Montant]) -> 0
F105: =coulisses!J4 -> 0 | G105: =SUMIF(Tableau1610142226303438[Catégorie],F105,Tableau1610142226303438[Montant]) -> 0 | M105: =coulisses!J16 -> 0 | N105: =SUMIF(Tableau2711152327313539[Catégorie],M105,Tableau2711152327313539[Montant]) -> 0
F106: =coulisses!J5 -> 0 | G106: =SUMIF(Tableau1610142226303438[Catégorie],F106,Tableau1610142226303438[Montant]) -> 0 | M106: =coulisses!J17 -> 0 | N106: =SUMIF(Tableau2711152327313539[Catégorie],M106,Tableau2711152327313539[Montant]) -> 0
F107: =coulisses!J6 -> 0 | G107: =SUMIF(Tableau1610142226303438[Catégorie],F107,Tableau1610142226303438[Montant]) -> 0 | M107: =coulisses!J18 -> 0 | N107: =SUMIF(Tableau2711152327313539[Catégorie],M107,Tableau2711152327313539[Montant]) -> 0
F108: =coulisses!J7 -> 0 | G108: =SUMIF(Tableau1610142226303438[Catégorie],F108,Tableau1610142226303438[Montant]) -> 0 | M108: =coulisses!J19 -> 0 | N108: =SUMIF(Tableau2711152327313539[Catégorie],M108,Tableau2711152327313539[Montant]) -> 0
F109: =coulisses!J8 -> 0 | G109: =SUMIF(Tableau1610142226303438[Catégorie],F109,Tableau1610142226303438[Montant]) -> 0 | M109: =coulisses!J20 -> 0 | N109: =SUMIF(Tableau2711152327313539[Catégorie],M109,Tableau2711152327313539[Montant]) -> 0
F110: =coulisses!J9 -> 0 | G110: =SUMIF(Tableau1610142226303438[Catégorie],F110,Tableau1610142226303438[Montant]) -> 0 | M110: =coulisses!J21 -> 0 | N110: =SUMIF(Tableau2711152327313539[Catégorie],M110,Tableau2711152327313539[Montant]) -> 0
F111: =coulisses!J10 -> 0 | G111: =SUMIF(Tableau1610142226303438[Catégorie],F111,Tableau1610142226303438[Montant]) -> 0 | M111: =coulisses!J22 -> 0 | N111: =SUMIF(Tableau2711152327313539[Catégorie],M111,Tableau2711152327313539[Montant]) -> 0
F112: =coulisses!J11 -> 0 | G112: =SUMIF(Tableau1610142226303438[Catégorie],F112,Tableau1610142226303438[Montant]) -> 0 | M112: =coulisses!J23 -> 0 | N112: =SUMIF(Tableau2711152327313539[Catégorie],M112,Tableau2711152327313539[Montant]) -> 0
F113: =coulisses!J12 -> Autres recettes | G113: =SUMIF(Tableau1610142226303438[Catégorie],F113,Tableau1610142226303438[Montant]) -> 0 | M113: =coulisses!J24 -> Cotisations sociales | N113: =SUMIF(Tableau2711152327313539[Catégorie],M113,Tableau2711152327313539[Montant]) -> 0
M114: =coulisses!J25 -> Autres dépenses | N114: =SUMIF(Tableau2711152327313539[Catégorie],M114,Tableau2711152327313539[Montant]) -> 0

Sheet 🍂 11
B1: ='👩🏻‍🏫 Bienvenue !'!K7 -> 0 | D1: ='👩🏻‍🏫 Bienvenue !'!I12&" - "&"Novembre "&'👩🏻‍🏫 Bienvenue !'!I16 -> - Novembre | M1: VOTRE PROFIT DU MOIS | N1: =G4-N4 -> 0
B4: Vos recettes 💰 | F4: TOTAL | G4: =SUM(Tableau161014222630343842[Montant]) -> 0 | I4: Vos dépenses 🧾 | M4: TOTAL | N4: =SUM(Tableau271115232731353943[Montant]) -> 0
B6: Date | C6: Mode de paiement | D6: N° | E6: Libellé et nom du client | F6: Catégorie | G6: Montant | I6: Date | J6: Mode de paiement | K6: N° | L6: Libellé | M6: Catégorie | N6: Montant
F102: Récapitulatif par type de recette | M102: Récapitulatif par type de dépense
F103: =coulisses!J2 -> 0 | G103: =SUMIF(Tableau161014222630343842[Catégorie],F103,Tableau161014222630343842[Montant]) -> 0 | M103: =coulisses!J14 -> 0 | N103: =SUMIF(Tableau271115232731353943[Catégorie],M103,Tableau271115232731353943[Montant]) -> 0
F104: =coulisses!J3 -> 0 | G104: =SUMIF(Tableau161014222630343842[Catégorie],F104,Tableau161014222630343842[Montant]) -> 0 | M104: =coulisses!J15 -> 0 | N104: =SUMIF(Tableau271115232731353943[Catégorie],M104,Tableau271115232731353943[Montant]) -> 0
F105: =coulisses!J4 -> 0 | G105: =SUMIF(Tableau161014222630343842[Catégorie],F105,Tableau161014222630343842[Montant]) -> 0 | M105: =coulisses!J16 -> 0 | N105: =SUMIF(Tableau271115232731353943[Catégorie],M105,Tableau271115232731353943[Montant]) -> 0
F106: =coulisses!J5 -> 0 | G106: =SUMIF(Tableau161014222630343842[Catégorie],F106,Tableau161014222630343842[Montant]) -> 0 | M106: =coulisses!J17 -> 0 | N106: =SUMIF(Tableau271115232731353943[Catégorie],M106,Tableau271115232731353943[Montant]) -> 0
F107: =coulisses!J6 -> 0 | G107: =SUMIF(Tableau161014222630343842[Catégorie],F107,Tableau161014222630343842[Montant]) -> 0 | M107: =coulisses!J18 -> 0 | N107: =SUMIF(Tableau271115232731353943[Catégorie],M107,Tableau271115232731353943[Montant]) -> 0
F108: =coulisses!J7 -> 0 | G108: =SUMIF(Tableau161014222630343842[Catégorie],F108,Tableau161014222630343842[Montant]) -> 0 | M108: =coulisses!J19 -> 0 | N108: =SUMIF(Tableau271115232731353943[Catégorie],M108,Tableau271115232731353943[Montant]) -> 0
F109: =coulisses!J8 -> 0 | G109: =SUMIF(Tableau161014222630343842[Catégorie],F109,Tableau161014222630343842[Montant]) -> 0 | M109: =coulisses!J20 -> 0 | N109: =SUMIF(Tableau271115232731353943[Catégorie],M109,Tableau271115232731353943[Montant]) -> 0
F110: =coulisses!J9 -> 0 | G110: =SUMIF(Tableau161014222630343842[Catégorie],F110,Tableau161014222630343842[Montant]) -> 0 | M110: =coulisses!J21 -> 0 | N110: =SUMIF(Tableau271115232731353943[Catégorie],M110,Tableau271115232731353943[Montant]) -> 0
F111: =coulisses!J10 -> 0 | G111: =SUMIF(Tableau161014222630343842[Catégorie],F111,Tableau161014222630343842[Montant]) -> 0 | M111: =coulisses!J22 -> 0 | N111: =SUMIF(Tableau271115232731353943[Catégorie],M111,Tableau271115232731353943[Montant]) -> 0
F112: =coulisses!J11 -> 0 | G112: =SUMIF(Tableau161014222630343842[Catégorie],F112,Tableau161014222630343842[Montant]) -> 0 | M112: =coulisses!J23 -> 0 | N112: =SUMIF(Tableau271115232731353943[Catégorie],M112,Tableau271115232731353943[Montant]) -> 0
F113: =coulisses!J12 -> Autres recettes | G113: =SUMIF(Tableau161014222630343842[Catégorie],F113,Tableau161014222630343842[Montant]) -> 0 | M113: =coulisses!J24 -> Cotisations sociales | N113: =SUMIF(Tableau271115232731353943[Catégorie],M113,Tableau271115232731353943[Montant]) -> 0
M114: =coulisses!J25 -> Autres dépenses | N114: =SUMIF(Tableau271115232731353943[Catégorie],M114,Tableau271115232731353943[Montant]) -> 0

Sheet 🎄 12
B1: ='👩🏻‍🏫 Bienvenue !'!K7 -> 0 | D1: ='👩🏻‍🏫 Bienvenue !'!I12&" - "&"Décembre "&'👩🏻‍🏫 Bienvenue !'!I16 -> - Décembre | M1: VOTRE PROFIT DU MOIS | N1: =G4-N4 -> 0
B4: Vos recettes 💰 | F4: TOTAL | G4: =SUM(Tableau16101422263034384246[Montant]) -> 0 | I4: Vos dépenses 🧾 | M4: TOTAL | N4: =SUM(Tableau27111523273135394347[Montant]) -> 0
B6: Date | C6: Mode de paiement | D6: N° | E6: Libellé et nom du client | F6: Catégorie | G6: Montant | I6: Date | J6: Mode de paiement | K6: N° | L6: Libellé | M6: Catégorie | N6: Montant
F102: Récapitulatif par type de recette | M102: Récapitulatif par type de dépense
F103: =coulisses!J2 -> 0 | G103: =SUMIF(Tableau16101422263034384246[Catégorie],F103,Tableau16101422263034384246[Montant]) -> 0 | M103: =coulisses!J14 -> 0 | N103: =SUMIF(Tableau27111523273135394347[Catégorie],M103,Tableau27111523273135394347[Montant]) -> 0
F104: =coulisses!J3 -> 0 | G104: =SUMIF(Tableau16101422263034384246[Catégorie],F104,Tableau16101422263034384246[Montant]) -> 0 | M104: =coulisses!J15 -> 0 | N104: =SUMIF(Tableau27111523273135394347[Catégorie],M104,Tableau27111523273135394347[Montant]) -> 0
F105: =coulisses!J4 -> 0 | G105: =SUMIF(Tableau16101422263034384246[Catégorie],F105,Tableau16101422263034384246[Montant]) -> 0 | M105: =coulisses!J16 -> 0 | N105: =SUMIF(Tableau27111523273135394347[Catégorie],M105,Tableau27111523273135394347[Montant]) -> 0
F106: =coulisses!J5 -> 0 | G106: =SUMIF(Tableau16101422263034384246[Catégorie],F106,Tableau16101422263034384246[Montant]) -> 0 | M106: =coulisses!J17 -> 0 | N106: =SUMIF(Tableau27111523273135394347[Catégorie],M106,Tableau27111523273135394347[Montant]) -> 0
F107: =coulisses!J6 -> 0 | G107: =SUMIF(Tableau16101422263034384246[Catégorie],F107,Tableau16101422263034384246[Montant]) -> 0 | M107: =coulisses!J18 -> 0 | N107: =SUMIF(Tableau27111523273135394347[Catégorie],M107,Tableau27111523273135394347[Montant]) -> 0
F108: =coulisses!J7 -> 0 | G108: =SUMIF(Tableau16101422263034384246[Catégorie],F108,Tableau16101422263034384246[Montant]) -> 0 | M108: =coulisses!J19 -> 0 | N108: =SUMIF(Tableau27111523273135394347[Catégorie],M108,Tableau27111523273135394347[Montant]) -> 0
F109: =coulisses!J8 -> 0 | G109: =SUMIF(Tableau16101422263034384246[Catégorie],F109,Tableau16101422263034384246[Montant]) -> 0 | M109: =coulisses!J20 -> 0 | N109: =SUMIF(Tableau27111523273135394347[Catégorie],M109,Tableau27111523273135394347[Montant]) -> 0
F110: =coulisses!J9 -> 0 | G110: =SUMIF(Tableau16101422263034384246[Catégorie],F110,Tableau16101422263034384246[Montant]) -> 0 | M110: =coulisses!J21 -> 0 | N110: =SUMIF(Tableau27111523273135394347[Catégorie],M110,Tableau27111523273135394347[Montant]) -> 0
F111: =coulisses!J10 -> 0 | G111: =SUMIF(Tableau16101422263034384246[Catégorie],F111,Tableau16101422263034384246[Montant]) -> 0 | M111: =coulisses!J22 -> 0 | N111: =SUMIF(Tableau27111523273135394347[Catégorie],M111,Tableau27111523273135394347[Montant]) -> 0
F112: =coulisses!J11 -> 0 | G112: =SUMIF(Tableau16101422263034384246[Catégorie],F112,Tableau16101422263034384246[Montant]) -> 0 | M112: =coulisses!J23 -> 0 | N112: =SUMIF(Tableau27111523273135394347[Catégorie],M112,Tableau27111523273135394347[Montant]) -> 0
F113: =coulisses!J12 -> Autres recettes | G113: =SUMIF(Tableau16101422263034384246[Catégorie],F113,Tableau16101422263034384246[Montant]) -> 0 | M113: =coulisses!J24 -> Cotisations sociales | N113: =SUMIF(Tableau27111523273135394347[Catégorie],M113,Tableau27111523273135394347[Montant]) -> 0
M114: =coulisses!J25 -> Autres dépenses | N114: =SUMIF(Tableau27111523273135394347[Catégorie],M114,Tableau27111523273135394347[Montant]) -> 0

Sheet 📊 Synthèse
A1: ='👩🏻‍🏫 Bienvenue !'!K7 -> 0 | C1: ="Tableau de bord de "&'👩🏻‍🏫 Bienvenue !'!I12 -> Tableau de bord de
B3: Votre synthèse | C3: ='👩🏻‍🏫 Bienvenue !'!I16 -> 0
B5: Chiffre d'affaires | C5: =coulisses!W13 -> 0
B7: Dépenses | C7: =coulisses!W26 -> 0
B9: Résultat | C9: =C5-C7 -> 0
B11: 👩🏻‍🏫 | C11: =IF(C9>=0,"Bravo, vous faites du profit ! 👍","Vous perdez de l'argent, encore un effort ! 💪") -> Bravo, vous faites du profit ! 👍
B90: Ce contenu est soumis au droit d’auteur et est la propriété de Comptes & Formules. Toute représentation ou reproduction non autorisée est passible d’une action en contrefaçon.

Sheet coulisses
K1: Janvier | L1: Février | M1: Mars | N1: Avril | O1: Mai | P1: Juin | Q1: Juillet | R1: Août | S1: Septembre | T1: Octobre | U1: Novembre | V1: Décembre | W1: TOTAL
I2: CB | J2: ='👩🏻‍🏫 Bienvenue !'!I21 -> 0 | K2: ='🥧 01'!G101 -> 0 | L2: ='🎿 02'!G103 -> 0 | M2: ='🌱 03'!G103 -> 0 | N2: ='🐟 04'!G103 -> 0 | O2: ='🎾 05'!G103 -> 0 | P2: ='☀️ 06'!G103 -> 0 | Q2: ='🧳 07'!G103 -> 0 | R2: ='🏖 08'!G103 -> 0 | S2: ='📝 09'!G103 -> 0 | T2: ='🎃 10'!G103 -> 0 | U2: ='🍂 11'!G103 -> 0 | V2: ='🎄 12'!G103 -> 0 | W2: =SUM(K2:V2) -> 0
I3: Espèces | J3: ='👩🏻‍🏫 Bienvenue !'!I22 -> 0 | K3: ='🥧 01'!G102 -> 0 | L3: ='🎿 02'!G104 -> 0 | M3: ='🌱 03'!G104 -> 0 | N3: ='🐟 04'!G104 -> 0 | O3: ='🎾 05'!G104 -> 0 | P3: ='☀️ 06'!G104 -> 0 | Q3: ='🧳 07'!G104 -> 0 | R3: ='🏖 08'!G104 -> 0 | S3: ='📝 09'!G104 -> 0 | T3: ='🎃 10'!G104 -> 0 | U3: ='🍂 11'!G104 -> 0 | V3: ='🎄 12'!G104 -> 0 | W3: =SUM(K3:V3) -> 0
I4: Chèque | J4: ='👩🏻‍🏫 Bienvenue !'!I23 -> 0 | K4: ='🥧 01'!G103 -> 0 | L4: ='🎿 02'!G105 -> 0 | M4: ='🌱 03'!G105 -> 0 | N4: ='🐟 04'!G105 -> 0 | O4: ='🎾 05'!G105 -> 0 | P4: ='☀️ 06'!G105 -> 0 | Q4: ='🧳 07'!G105 -> 0 | R4: ='🏖 08'!G105 -> 0 | S4: ='📝 09'!G105 -> 0 | T4: ='🎃 10'!G105 -> 0 | U4: ='🍂 11'!G105 -> 0 | V4: ='🎄 12'!G105 -> 0 | W4: =SUM(K4:V4) -> 0
I5: Virement | J5: ='👩🏻‍🏫 Bienvenue !'!I24 -> 0 | K5: ='🥧 01'!G104 -> 0 | L5: ='🎿 02'!G106 -> 0 | M5: ='🌱 03'!G106 -> 0 | N5: ='🐟 04'!G106 -> 0 | O5: ='🎾 05'!G106 -> 0 | P5: ='☀️ 06'!G106 -> 0 | Q5: ='🧳 07'!G106 -> 0 | R5: ='🏖 08'!G106 -> 0 | S5: ='📝 09'!G106 -> 0 | T5: ='🎃 10'!G106 -> 0 | U5: ='🍂 11'!G106 -> 0 | V5: ='🎄 12'!G106 -> 0 | W5: =SUM(K5:V5) -> 0
J6: ='👩🏻‍🏫 Bienvenue !'!I25 -> 0 | K6: ='🥧 01'!G105 -> 0 | L6: ='🎿 02'!G107 -> 0 | M6: ='🌱 03'!G107 -> 0 | N6: ='🐟 04'!G107 -> 0 | O6: ='🎾 05'!G107 -> 0 | P6: ='☀️ 06'!G107 -> 0 | Q6: ='🧳 07'!G107 -> 0 | R6: ='🏖 08'!G107 -> 0 | S6: ='📝 09'!G107 -> 0 | T6: ='🎃 10'!G107 -> 0 | U6: ='🍂 11'!G107 -> 0 | V6: ='🎄 12'!G107 -> 0 | W6: =SUM(K6:V6) -> 0
J7: ='👩🏻‍🏫 Bienvenue !'!I26 -> 0 | K7: ='🥧 01'!G106 -> 0 | L7: ='🎿 02'!G108 -> 0 | M7: ='🌱 03'!G108 -> 0 | N7: ='🐟 04'!G108 -> 0 | O7: ='🎾 05'!G108 -> 0 | P7: ='☀️ 06'!G108 -> 0 | Q7: ='🧳 07'!G108 -> 0 | R7: ='🏖 08'!G108 -> 0 | S7: ='📝 09'!G108 -> 0 | T7: ='🎃 10'!G108 -> 0 | U7: ='🍂 11'!G108 -> 0 | V7: ='🎄 12'!G108 -> 0 | W7: =SUM(K7:V7) -> 0
J8: ='👩🏻‍🏫 Bienvenue !'!I27 -> 0 | K8: ='🥧 01'!G107 -> 0 | L8: ='🎿 02'!G109 -> 0 | M8: ='🌱 03'!G109 -> 0 | N8: ='🐟 04'!G109 -> 0 | O8: ='🎾 05'!G109 -> 0 | P8: ='☀️ 06'!G109 -> 0 | Q8: ='🧳 07'!G109 -> 0 | R8: ='🏖 08'!G109 -> 0 | S8: ='📝 09'!G109 -> 0 | T8: ='🎃 10'!G109 -> 0 | U8: ='🍂 11'!G109 -> 0 | V8: ='🎄 12'!G109 -> 0 | W8: =SUM(K8:V8) -> 0
J9: ='👩🏻‍🏫 Bienvenue !'!I28 -> 0 | K9: ='🥧 01'!G108 -> 0 | L9: ='🎿 02'!G110 -> 0 | M9: ='🌱 03'!G110 -> 0 | N9: ='🐟 04'!G110 -> 0 | O9: ='🎾 05'!G110 -> 0 | P9: ='☀️ 06'!G110 -> 0 | Q9: ='🧳 07'!G110 -> 0 | R9: ='🏖 08'!G110 -> 0 | S9: ='📝 09'!G110 -> 0 | T9: ='🎃 10'!G110 -> 0 | U9: ='🍂 11'!G110 -> 0 | V9: ='🎄 12'!G110 -> 0 | W9: =SUM(K9:V9) -> 0
J10: ='👩🏻‍🏫 Bienvenue !'!I29 -> 0 | K10: ='🥧 01'!G109 -> 0 | L10: ='🎿 02'!G111 -> 0 | M10: ='🌱 03'!G111 -> 0 | N10: ='🐟 04'!G111 -> 0 | O10: ='🎾 05'!G111 -> 0 | P10: ='☀️ 06'!G111 -> 0 | Q10: ='🧳 07'!G111 -> 0 | R10: ='🏖 08'!G111 -> 0 | S10: ='📝 09'!G111 -> 0 | T10: ='🎃 10'!G111 -> 0 | U10: ='🍂 11'!G111 -> 0 | V10: ='🎄 12'!G111 -> 0 | W10: =SUM(K10:V10) -> 0
J11: ='👩🏻‍🏫 Bienvenue !'!I30 -> 0 | K11: ='🥧 01'!G110 -> 0 | L11: ='🎿 02'!G112 -> 0 | M11: ='🌱 03'!G112 -> 0 | N11: ='🐟 04'!G112 -> 0 | O11: ='🎾 05'!G112 -> 0 | P11: ='☀️ 06'!G112 -> 0 | Q11: ='🧳 07'!G112 -> 0 | R11: ='🏖 08'!G112 -> 0 | S11: ='📝 09'!G112 -> 0 | T11: ='🎃 10'!G112 -> 0 | U11: ='🍂 11'!G112 -> 0 | V11: ='🎄 12'!G112 -> 0 | W11: =SUM(K11:V11) -> 0
J12: Autres recettes | K12: ='🥧 01'!G111 -> 0 | L12: ='🎿 02'!G113 -> 0 | M12: ='🌱 03'!G113 -> 0 | N12: ='🐟 04'!G113 -> 0 | O12: ='🎾 05'!G113 -> 0 | P12: ='☀️ 06'!G113 -> 0 | Q12: ='🧳 07'!G113 -> 0 | R12: ='🏖 08'!G113 -> 0 | S12: ='📝 09'!G113 -> 0 | T12: ='🎃 10'!G113 -> 0 | U12: ='🍂 11'!G113 -> 0 | V12: ='🎄 12'!G113 -> 0 | W12: =SUM(K12:V12) -> 0
J13: TOTAL RECETTES | K13: =SUM(K2:K12) -> 0 | L13: =SUM(L2:L12) -> 0 | M13: =SUM(M2:M12) -> 0 | N13: =SUM(N2:N12) -> 0 | O13: =SUM(O2:O12) -> 0 | P13: =SUM(P2:P12) -> 0 | Q13: =SUM(Q2:Q12) -> 0 | R13: =SUM(R2:R12) -> 0 | ... V13: =SUM(V2:V12) -> 0 | W13: =SUM(K13:V13) -> 0
J14: ='👩🏻‍🏫 Bienvenue !'!I34 -> 0 | K14: ='🥧 01'!N101 -> 0 | L14: ='🎿 02'!N103 -> 0 | M14: ='🌱 03'!N103 -> 0 | N14: ='🐟 04'!N103 -> 0 | O14: ='🎾 05'!N103 -> 0 | P14: ='☀️ 06'!N103 -> 0 | Q14: ='🧳 07'!N103 -> 0 | R14: ='🏖 08'!N103 -> 0 | S14: ='📝 09'!N103 -> 0 | T14: ='🎃 10'!N103 -> 0 | U14: ='🍂 11'!N103 -> 0 | V14: ='🎄 12'!N103 -> 0 | W14: =SUM(K14:V14) -> 0
J15: ='👩🏻‍🏫 Bienvenue !'!I35 -> 0 | K15: ='🥧 01'!N102 -> 0 | L15: ='🎿 02'!N104 -> 0 | M15: ='🌱 03'!N104 -> 0 | N15: ='🐟 04'!N104 -> 0 | O15: ='🎾 05'!N104 -> 0 | P15: ='☀️ 06'!N104 -> 0 | Q15: ='🧳 07'!N104 -> 0 | R15: ='🏖 08'!N104 -> 0 | S15: ='📝 09'!N104 -> 0 | T15: ='🎃 10'!N104 -> 0 | U15: ='🍂 11'!N104 -> 0 | V15: ='🎄 12'!N104 -> 0 | W15: =SUM(K15:V15) -> 0
J16: ='👩🏻‍🏫 Bienvenue !'!I36 -> 0 | K16: ='🥧 01'!N103 -> 0 | L16: ='🎿 02'!N105 -> 0 | M16: ='🌱 03'!N105 -> 0 | N16: ='🐟 04'!N105 -> 0 | O16: ='🎾 05'!N105 -> 0 | P16: ='☀️ 06'!N105 -> 0 | Q16: ='🧳 07'!N105 -> 0 | R16: ='🏖 08'!N105 -> 0 | S16: ='📝 09'!N105 -> 0 | T16: ='🎃 10'!N105 -> 0 | U16: ='🍂 11'!N105 -> 0 | V16: ='🎄 12'!N105 -> 0 | W16: =SUM(K16:V16) -> 0
J17: ='👩🏻‍🏫 Bienvenue !'!I37 -> 0 | K17: ='🥧 01'!N104 -> 0 | L17: ='🎿 02'!N106 -> 0 | M17: ='🌱 03'!N106 -> 0 | N17: ='🐟 04'!N106 -> 0 | O17: ='🎾 05'!N106 -> 0 | P17: ='☀️ 06'!N106 -> 0 | Q17: ='🧳 07'!N106 -> 0 | R17: ='🏖 08'!N106 -> 0 | S17: ='📝 09'!N106 -> 0 | T17: ='🎃 10'!N106 -> 0 | U17: ='🍂 11'!N106 -> 0 | V17: ='🎄 12'!N106 -> 0 | W17: =SUM(K17:V17) -> 0
A18: 🧔🏽 | J18: ='👩🏻‍🏫 Bienvenue !'!I38 -> 0 | K18: ='🥧 01'!N105 -> 0 | L18: ='🎿 02'!N107 -> 0 | M18: ='🌱 03'!N107 -> 0 | N18: ='🐟 04'!N107 -> 0 | O18: ='🎾 05'!N107 -> 0 | P18: ='☀️ 06'!N107 -> 0 | Q18: ='🧳 07'!N107 -> 0 | R18: ='🏖 08'!N107 -> 0 | S18: ='📝 09'!N107 -> 0 | T18: ='🎃 10'!N107 -> 0 | U18: ='🍂 11'!N107 -> 0 | V18: ='🎄 12'!N107 -> 0 | W18: =SUM(K18:V18) -> 0
A19: 🧔🏼 | J19: ='👩🏻‍🏫 Bienvenue !'!I39 -> 0 | K19: ='🥧 01'!N106 -> 0 | L19: ='🎿 02'!N108 -> 0 | M19: ='🌱 03'!N108 -> 0 | N19: ='🐟 04'!N108 -> 0 | O19: ='🎾 05'!N108 -> 0 | P19: ='☀️ 06'!N108 -> 0 | Q19: ='🧳 07'!N108 -> 0 | R19: ='🏖 08'!N108 -> 0 | S19: ='📝 09'!N108 -> 0 | T19: ='🎃 10'!N108 -> 0 | U19: ='🍂 11'!N108 -> 0 | V19: ='🎄 12'!N108 -> 0 | W19: =SUM(K19:V19) -> 0
A20: 🧑🏾 | J20: ='👩🏻‍🏫 Bienvenue !'!I40 -> 0 | K20: ='🥧 01'!N107 -> 0 | L20: ='🎿 02'!N109 -> 0 | M20: ='🌱 03'!N109 -> 0 | N20: ='🐟 04'!N109 -> 0 | O20: ='🎾 05'!N109 -> 0 | P20: ='☀️ 06'!N109 -> 0 | Q20: ='🧳 07'!N109 -> 0 | R20: ='🏖 08'!N109 -> 0 | S20: ='📝 09'!N109 -> 0 | T20: ='🎃 10'!N109 -> 0 | U20: ='🍂 11'!N109 -> 0 | V20: ='🎄 12'!N109 -> 0 | W20: =SUM(K20:V20) -> 0
A21: 👵🏻 | J21: ='👩🏻‍🏫 Bienvenue !'!I41 -> 0 | K21: ='🥧 01'!N108 -> 0 | L21: ='🎿 02'!N110 -> 0 | M21: ='🌱 03'!N110 -> 0 | N21: ='🐟 04'!N110 -> 0 | O21: ='🎾 05'!N110 -> 0 | P21: ='☀️ 06'!N110 -> 0 | Q21: ='🧳 07'!N110 -> 0 | R21: ='🏖 08'!N110 -> 0 | S21: ='📝 09'!N110 -> 0 | T21: ='🎃 10'!N110 -> 0 | U21: ='🍂 11'!N110 -> 0 | V21: ='🎄 12'!N110 -> 0 | W21: =SUM(K21:V21) -> 0
A22: 👱🏼 | J22: ='👩🏻‍🏫 Bienvenue !'!I42 -> 0 | K22: ='🥧 01'!N109 -> 0 | L22: ='🎿 02'!N111 -> 0 | M22: ='🌱 03'!N111 -> 0 | N22: ='🐟 04'!N111 -> 0 | O22: ='🎾 05'!N111 -> 0 | P22: ='☀️ 06'!N111 -> 0 | Q22: ='🧳 07'!N111 -> 0 | R22: ='🏖 08'!N111 -> 0 | S22: ='📝 09'!N111 -> 0 | T22: ='🎃 10'!N111 -> 0 | U22: ='🍂 11'!N111 -> 0 | V22: ='🎄 12'!N111 -> 0 | W22: =SUM(K22:V22) -> 0
A23: 👩🏿‍🦱 | J23: ='👩🏻‍🏫 Bienvenue !'!I43 -> 0 | K23: ='🥧 01'!N110 -> 0 | L23: ='🎿 02'!N112 -> 0 | M23: ='🌱 03'!N112 -> 0 | N23: ='🐟 04'!N112 -> 0 | O23: ='🎾 05'!N112 -> 0 | P23: ='☀️ 06'!N112 -> 0 | Q23: ='🧳 07'!N112 -> 0 | R23: ='🏖 08'!N112 -> 0 | S23: ='📝 09'!N112 -> 0 | T23: ='🎃 10'!N112 -> 0 | U23: ='🍂 11'!N112 -> 0 | V23: ='🎄 12'!N112 -> 0 | W23: =SUM(K23:V23) -> 0
A24: 👩🏼‍🦰 | J24: Cotisations sociales | K24: ='🥧 01'!N111 -> 0 | L24: ='🎿 02'!N113 -> 0 | M24: ='🌱 03'!N113 -> 0 | N24: ='🐟 04'!N113 -> 0 | O24: ='🎾 05'!N113 -> 0 | P24: ='☀️ 06'!N113 -> 0 | Q24: ='🧳 07'!N113 -> 0 | R24: ='🏖 08'!N113 -> 0 | S24: ='📝 09'!N113 -> 0 | T24: ='🎃 10'!N113 -> 0 | U24: ='🍂 11'!N113 -> 0 | V24: ='🎄 12'!N113 -> 0 | W24: =SUM(K24:V24) -> 0
A25: 🧑🏼‍🦱 | J25: Autres dépenses | K25: ='🥧 01'!N112 -> 0 | L25: ='🎿 02'!N114 -> 0 | M25: ='🌱 03'!N114 -> 0 | N25: ='🐟 04'!N114 -> 0 | O25: ='🎾 05'!N114 -> 0 | P25: ='☀️ 06'!N114 -> 0 | Q25: ='🧳 07'!N114 -> 0 | R25: ='🏖 08'!N114 -> 0 | S25: ='📝 09'!N114 -> 0 | T25: ='🎃 10'!N114 -> 0 | U25: ='🍂 11'!N114 -> 0 | V25: ='🎄 12'!N114 -> 0 | W25: =SUM(K25:V25) -> 0
A26: 👨🏼‍🦰 | J26: TOTAL DEPENSES | K26: =SUM(K14:K25) -> 0 | L26: =SUM(L14:L25) -> 0 | M26: =SUM(M14:M25) -> 0 | N26: =SUM(N14:N25) -> 0 | O26: =SUM(O14:O25) -> 0 | P26: =SUM(P14:P25) -> 0 | Q26: =SUM(Q14:Q25) -> 0 | R26: =SUM(R14:R25) -> 0 | ... V26: =SUM(V14:V25) -> 0 | W26: =SUM(K26:V26) -> 0
A27: 👩🏽‍🦱 | J27: PROFIT | K27: =K13-K26 -> 0 | L27: =L13-L26 -> 0 | M27: =M13-M26 -> 0 | N27: =N13-N26 -> 0 | O27: =O13-O26 -> 0 | P27: =P13-P26 -> 0 | Q27: =Q13-Q26 -> 0 | R27: =R13-R26 -> 0 | ... V27: =V13-V26 -> 0 | W27: =SUM(K27:V27) -> 0
A28: 👩🏻‍🦱
A29: 👨🏾‍🦲
A30: 👨🏼‍🦲
A31: 👩🏼
A32: 🧕🏾
A33: 👩🏻
A34: 👨🏿‍🦱
A35: 👨🏻‍🦳
A36: 👩🏾
A37: 👨🏻‍🦱
A38: 🧑🏾‍🦱
